Map: Eternal Empire LE

Players

antagomiR

  • Race: Protoss Protoss
  • League: Gold
  • Spawn Location: 1:00

WarCry - Winner!

  • Race: Terran Terran
  • League: Silver
  • Spawn Location: 7:00

VOD

Have the link to the VOD?

Description

Time

  • Played on: April 4, 2020, 6:55 p.m.
  • Length: 22:07
Show
View Real Time Build Order
Export as new Build Order

antagomiR Protoss 

Build Orders: Carriers, Chargelot Immortal 

Get SALT Encoding   

  12  0:01  Probe  
  13  0:13  Probe  
  14  0:18  Pylon  
  14  0:25  Probe  
  15  0:39  Gateway  
  15  0:41  Probe  
  16  0:53  Probe  
  16  0:56  Assimilator  
  17  1:07  Probe  
  18  1:12  Assimilator  
  18  1:19  Probe  
  19  1:29  Cybernetics Core  
  19  1:32  Probe  
  20  1:44  Probe  
  20  1:45  Pylon  
  20  1:56  Probe  
  20  1:59  Warp Gate (Chrono Boost)  
  21  2:08  Probe  
  22  2:09  Adept  
  24  2:20  Probe  
  25  2:23  Robotics Facility  
  25  2:32  Probe  
  26  2:39  Stalker  
  26  2:43  Nexus  
  28  2:51  Probe  
  29  2:58  Pylon  
  29  3:03  Probe  
  30  3:11  Observer  
  31  3:16  Probe  
  31  3:18  Shield Battery  
  32  3:32  Observer  
  33  3:41  Sentry  
  35  4:00  Probe x2  
  37  4:07  Pylon  
  37  4:10  Gateway x2  
  37  4:11  Immortal  
  37  4:12  Probe x2  
  43  4:27  Probe x2  
  45  4:34  Twilight Council  
  45  4:38  Sentry  
  45  4:39  Probe x2  
  49  4:50  Immortal  
  53  5:03  Probe x2  
  53  5:05  Assimilator  
  55  5:09  Assimilator  
  55  5:13  Charge (Chrono Boost), Gateway x2  
  55  5:15  Probe x2  
  55  5:16  Pylon  
  55  5:20  Phoenix  
  57  5:26  Shield Battery  
  57  5:27  Probe  
  57  5:28  Sentry  
  60  5:42  Probe x2  
  62  5:46  Phoenix  
  62  5:54  Probe x2  
  64  6:06  Probe x2  
  66  6:18  Probe x2  
  68  6:20  Stalker  
  70  6:30  Pylon  
  70  6:32  Pylon  
  70  6:48  Probe  
  70  6:49  Immortal  
  70  6:53  Robotics Bay  
  75  7:03  Zealot  
  75  7:04  Zealot x2  
  75  7:05  Stalker x2  
  83  7:21  Probe x2  
  85  7:33  Probe  
  85  7:36  Pylon  
  86  7:38  Immortal  
  86  7:40  Pylon  
  84  7:48  Zealot x3  
  84  7:49  Zealot  
  68  8:13  Zealot x3  
  68  8:14  Zealot  
  68  8:18  Immortal  
  66  8:30  Stalker  
  68  8:35  Probe x2  
  68  8:39  Sentry  
  68  8:40  Sentry x2  
  68  8:41  Sentry  
  78  8:42  Forge  
  78  8:56  Colossus, Zealot  
  78  9:00  Gateway  
  78  9:02  Gateway  
  86  9:04  Gateway  
  86  9:06  Gateway  
  86  9:33  Nexus  
  86  9:36  Pylon  
  86  9:38  Pylon  
  86  9:44  Protoss Ground Weapons Level 1 (Chrono Boost), Pylon  
  86  9:45  Pylon  
  86  9:50  Colossus  
  92  9:55  Shield Battery  
  92  9:56  Photon Cannon  
  92  9:58  Photon Cannon  
  92  10:01  Photon Cannon  
  92  10:03  Assimilator  
  92  10:05  Zealot x4  
  92  10:06  Assimilator, Zealot x4  
  92  10:07  Zealot  
  110  10:25  Pylon  
  110  10:27  Pylon  
  110  10:43  Stargate x2  
  110  10:45  Stargate  
  110  10:54  Stalker x4  
  110  10:55  Stalker x4  
  126  11:26  Stalker x3  
  126  11:27  Stalker x4  
  126  11:28  Stalker  
  142  11:33  Void Ray x2  
  150  11:43  Zealot  
  152  11:49  Protoss Ground Armor Level 1 (Chrono Boost)  
  152  11:55  Probe  
  152  11:56  Probe x2  
  153  12:08  Probe  
  98  12:24  Zealot x3  
  98  12:25  Zealot x4  
  100  12:52  Void Ray  
  100  12:53  Void Ray x2  
  112  13:02  Fleet Beacon  
  112  13:18  Immortal  
  116  13:31  Probe x2  
  116  13:32  Probe  
  119  13:38  Sentry  
  119  13:39  Sentry  
  123  13:41  Protoss Ground Weapons Level 2  
  123  13:43  Probe  
  123  13:44  Probe x2  
  126  14:00  Stalker x2  
  126  14:01  Stalker x2  
  126  14:02  Stalker  
  136  14:09  Void Ray  
  140  14:24  Void Ray x2  
  140  14:29  Stalker  
  150  14:38  Nexus  
  150  14:39  Colossus  
  150  14:40  Pylon  
  150  14:42  Pylon  
  156  15:00  Shield Battery  
  156  15:04  Photon Cannon  
  156  15:05  Photon Cannon  
  156  15:07  Photon Cannon  
  156  15:11  Photon Cannon, Void Ray  
  156  15:12  Assimilator  
  160  15:16  Assimilator  
  160  15:29  Zealot x2  
  160  15:30  Zealot  
  160  15:33  Colossus  
  172  15:55  Carrier x2  
  184  16:00  Probe x3  
  187  16:12  Probe x2  
  192  16:47  Carrier (Chrono Boost)  
  192  16:55  Pylon  
  192  17:06  Carrier (Chrono Boost)  
  104  17:37  Carrier (Chrono Boost)  
  110  17:45  Carrier (Chrono Boost)  
  116  17:59  Carrier (Chrono Boost)  
  122  18:16  Probe x3  
  125  18:26  Carrier  
  131  18:35  Carrier  
  143  18:55  Carrier  
  143  19:03  Nexus  
  143  19:05  Pylon  
  142  19:30  Mothership, Carrier  
  156  19:39  Carrier  
  168  20:00  Carrier  
  147  20:18  Zealot  
  147  20:19  Zealot x4  
  147  20:20  Zealot x3  
  110  20:48  Zealot x4  
  110  20:49  Zealot x2  
  57  21:40  Zealot  
  57  21:41  Zealot  
Show
View Real Time Build Order
Export as new Build Order

WarCry Terran - Winner!

Build Orders: 2 Factory, Mech 

Get SALT Encoding   

  12  0:01  SCV  
  13  0:15  Supply Depot  
  13  0:21  Refinery  
  13  0:25  SCV  
  14  0:41  Barracks  
  14  0:44  SCV  
  15  0:56  SCV  
  16  1:08  SCV  
  17  1:21  SCV  
  18  1:34  Marine  
  18  1:36  Orbital Command  
  19  1:44  Supply Depot  
  19  2:04  Command Center  
  19  2:07  Marine  
  20  2:19  Factory  
  20  2:32  Factory  
  20  2:34  SCV  
  21  2:39  Refinery  
  21  2:44  Supply Depot  
  21  3:04  Hellion  
  23  3:15  SCV  
  23  3:17  Factory Tech Lab  
  24  3:49  SCV  
  24  3:51  SCV  
  26  3:56  Siege Tank  
  26  3:57  Factory Reactor  
  29  4:05  SCV x2  
  31  4:11  Engineering Bay  
  31  4:17  Factory  
  31  4:24  Starport  
  31  4:27  Starport  
  31  4:29  Supply Depot  
  31  4:31  SCV x2  
  33  4:37  Hellion  
  33  4:38  Hellion, Siege Tank  
  40  4:49  SCV x2  
  42  4:55  Missile Turret  
  42  5:01  SCV  
  42  5:02  SCV  
  42  5:03  Factory Tech Lab  
  44  5:16  Missile Turret  
  44  5:17  Cyclone  
  47  5:23  Cyclone  
  47  5:26  Hellion x2  
  54  5:39  Orbital Command  
  54  5:40  SCV  
  55  5:44  Refinery  
  55  5:47  Viking  
  57  5:51  Cyclone  
  60  6:02  Hellion  
  62  6:18  Supply Depot x2  
  62  6:20  Supply Depot  
  62  6:26  Missile Turret  
  62  6:34  Starport Reactor x2  
  64  6:40  Hellion  
  64  6:49  Missile Turret  
  64  7:11  Cyclone x2  
  64  7:13  Hellion x2  
  42  8:33  Siege Tank x2  
  48  8:35  Viking x2, Hellion x2  
  48  8:36  SCV  
  48  8:37  SCV  
  58  8:45  Factory  
  58  8:47  Factory  
  58  8:49  Refinery  
  58  8:50  SCV x2  
  60  9:35  SCV x2  
  62  9:46  Command Center  
  62  9:50  Viking x3  
  62  9:51  Viking  
  70  9:53  Cyclone x2  
  70  9:54  Hellion x2  
  80  10:05  Armory  
  80  10:06  Armory  
  80  10:17  Missile Turret  
  80  10:25  Cyclone x2  
  86  10:31  Factory Tech Lab x2  
  86  10:41  Supply Depot  
  86  10:42  Missile Turret, Supply Depot  
  86  10:43  Supply Depot  
  86  10:58  Hellion x2  
  86  11:03  Command Center  
  90  11:05  Viking x4  
  90  11:07  Cyclone  
  90  11:08  Cyclone  
  90  11:09  Cyclone  
  90  11:10  Hellion  
  109  11:14  SCV x2  
  111  11:20  Hellion x2  
  115  11:26  SCV  
  54  12:58  Cyclone  
  54  12:59  Cyclone x3  
  54  13:00  Hellion x2  
  54  13:04  Viking x2  
  54  13:05  Viking x2  
  78  13:18  SCV  
  79  13:21  SCV x2, Hellion  
  79  13:22  Hellion  
  79  13:26  SCV  
  86  13:30  Siege Tank  
  86  13:31  Hellion  
  91  13:34  Viking  
  93  14:03  Missile Turret  
  93  14:07  Missile Turret  
  93  14:09  Thor  
  99  14:10  Thor  
  99  14:11  Thor  
  99  14:12  Thor, Missile Turret  
  99  14:15  Hellion x2  
  99  14:16  Viking x4  
  129  14:21  Terran Vehicle Weapons Level 1  
  129  14:29  Starport  
  129  14:40  Refinery  
  129  14:42  Refinery  
  129  14:56  Missile Turret  
  129  14:57  Thor  
  135  15:00  Hellion  
  135  15:01  Hellion  
  139  15:15  SCV  
  140  15:24  SCV x3, Hellion x2  
  140  15:25  Hellion x3  
  153  15:29  Refinery  
  153  15:35  Starport Reactor  
  153  15:38  Starport Tech Lab  
  153  15:45  Viking  
  155  15:58  Supply Depot  
  155  15:59  Supply Depot  
  155  16:03  Viking  
  155  16:04  Viking x2  
  159  16:18  Infernal Pre-Igniter  
  159  16:20  Smart Servos  
  159  16:25  Mag-Field Accelerator  
  159  16:55  Thor x2  
  159  16:56  Thor x2  
  159  16:58  Hellion x2  
  187  17:05  Viking  
  188  17:14  Viking  
  124  17:40  Thor  
  124  17:42  Cyclone  
  135  17:44  Hellion x3  
  135  17:45  Hellion  
  141  18:06  Refinery  
  141  18:17  Terran Vehicle And Ship Armor Level 1  
  143  18:41  SCV x2  
  143  18:43  SCV  
  144  18:51  Cyclone x2  
  144  18:52  Cyclone x2  
  144  18:55  Hellion x2  
  160  19:16  Hellion x2  
  164  19:23  Cyclone  
  167  19:29  Terran Vehicle Weapons Level 2  
  112  20:39  Cyclone x2  
  112  20:40  Thor x2  
  112  20:42  Hellion x2  
  134  20:43  Raven, Viking x3  
  134  20:44  Viking  
  144  21:03  Hellion x2  
  146  21:11  Thor x2  
  150  21:23  Hellion  
Tags
 
Add a new tag
Caveats
  • Supply blocks, unpowered buildings, or Contaminate may cause inaccurate times.
  • Supply counts are checked every 10 seconds.